 Dungeon Crawl Stone Soup version 0.24-a0-524-gf43b32f898 (webtiles) character file.

Game seed: 9336677452978035314

585 Gargoyl the Skirmisher (level 7, 0/59 HPs)
             Began as a Centaur Abyssal Knight on July 31, 2019.
             Was a Believer of Lugonu.
             Slain by Menkaure (11 damage)
             ... on level 3 of the Dungeon.
             The game lasted 00:05:34 (4593 turns).

Gargoyl the Skirmisher (Centaur Abyssal Knight)     Turns: 4593, Time: 00:05:34

Health: 0/59       AC: 12    Str: 18    XL:     7   Next: 15%
Magic:  9/9        EV:  7    Int: 11    God:    Lugonu [**....]
Gold:   175        SH:  3    Dex: 10    Spells: 6/6 levels left

rFire    . . .     SeeInvis .   a - +2 hand axe
rCold    + . .     Gourm    .   e - +0 buckler
rNeg     . . .     Faith    .   r - +0 ring mail
rPois    .         Spirit   .   m - +0 helmet
rElec    .         Reflect  .   (no cloak)
rCorr    .         Harm     .   (no gloves)
MR       .....                  d - +1 centaur barding {rC+}
Stlth    ..........             g - amulet of magic regeneration
HPRegen  0.19/turn              l - ring of flight
MPRegen  0.36/turn              (no ring)

@: mighty, very quick
A: large, hooves 3, deformed body, speed 2, tough skin 3, weak 1
a: Depart the Abyss, Bend Space, Renounce Religion, Evoke Flight


You were on level 3 of the Dungeon.
You worshipped Lugonu.
Lugonu was pleased with you.
You were hungry.

You visited 1 branch of the dungeon, and saw 4 of its levels.
You visited the Abyss 1 time.

You collected 175 gold pieces.

Inventory:

Hand Weapons
 a - a +2 hand axe (weapon)
Armour
 d - a +1 centaur barding of cold resistance (worn)
 e - a +0 buckler (worn)
 m - a +0 helmet (worn)
 r - a +0 ring mail (worn)
Jewellery
 g - an amulet of magic regeneration (around neck)
 l - a ring of flight (left hand)
Wands
 s - a wand of digging (6)
Scrolls
 h - a scroll of remove curse
 p - a scroll of identify
Potions
 b - 2 potions of resistance {unknown}
 f - a potion of might
 i - 3 potions of curing {unknown}
 j - a potion of heal wounds {unknown}
 k - a potion of berserk rage {unknown}
 n - 2 potions of ambrosia {unknown}
 o - a potion of mutation {unknown}
 q - a potion of invisibility {unknown}
Comestibles
 c - 6 rations


   Skills:
 + Level 4.2 Fighting
 + Level 3.8 Axes
 * Level 2.8 Armour
 + Level 2.0 Dodging
 * Level 1.9 Shields
 * Level 3.6 Invocations


You had 6 spell levels left.
You didn't know any spells.
Your spell library was empty.

Dungeon Overview and Level Annotations

Branches:
Dungeon (4/15)             Temple (0/1) D:4

Altars:
Ashenzari
Dithmenos
Trog

Annotations:
D:3 Menkaure


Innate Abilities, Weirdness & Mutations

You have hooves in place of feet.
Armour fits poorly on your strangely shaped body.
You cover ground very quickly.
You have extremely tough skin. (AC +3)
You are weak. (Str -2)


Message History

Your shield prevents you from hitting Menkaure.
Your kick misses Menkaure.
Menkaure is heavily damaged.
Menkaure barely misses you. Menkaure breathes soot at you.
Menkaure hits you but does no damage.
You completely miss Menkaure. You kick Menkaure.
Menkaure is heavily damaged.
Menkaure hits you.
You feel very mighty all of a sudden. You block Menkaure's attack.
You barely miss Menkaure.
Menkaure is heavily damaged.
Menkaure calls on the powers of darkness!
Your body is wracked with pain!
* * * LOW HITPOINT WARNING * * *
You barely miss Menkaure.
Menkaure is heavily damaged.
Menkaure hits you!
You die...

.# #...>.# #.....#.#.#
.# #.....## #.##..._..#
.#
#....).#######.##.##.#.#
.#
#.................#..#.#
##
#.....########.####.##.#
###.### #.####.##.##
######..#
#####......#...##
#)......#
#..M....####....#
##.#####.# #..@....#
#....#
......##.#####..)....#
####.#
......##.......).....#
#.#
).....##.####....^...#
####.####
.#.##................#
#.......#
.#.......##.##.......#
#.##.##.#
.#######.##.##.#######
#.#..##.# .####
#.......# #(#.###.#
....# ####.##########
#.......#


You could see Menkaure.

Vanquished Creatures
  Grinder (D:3)
  An ogre (D:4)
  A howler monkey (D:4)
  A hound (D:4)
  An orc wizard (D:4)
  An orc priest (D:3)
  Robin (D:3)
  3 gnolls (D:4)
  5 adders
  2 oozes
  3 worms
  2 dart slugs (D:3)
  5 leopard geckos
  4 orcs (D:4)
  3 ball pythons
  8 bats
  3 giant cockroaches
  8 hobgoblins
  4 jackals (D:1)
  2 quokkas
  3 frilled lizards
  11 goblins
  3 kobolds
  5 rats
81 creatures vanquished.

Vanquished Creatures (others)
  An orc wizard (D:4)
1 creature vanquished.

Grand Total: 82 creatures vanquished

Notes
Turn   | Place    | Note
-------+----------+-------------------------------------------
     0 | Abyss:1  | Gargoyl the Centaur Abyssal Knight began the quest for the
                  | Orb.
     0 | Abyss:1  | Reached XP level 1. HP: 19/19 MP: 2/2
    60 | Abyss:1  | Noticed a flying skull
    87 | Abyss:1  | Noticed a shining eye
    89 | Abyss:1  | Gained mutation: You are weak. (Str -2) [a shining eye]
    90 | D:1      | Escaped the Abyss
   339 | D:1      | Reached XP level 2. HP: 21/26 MP: 3/3
   458 | D:1      | Reached * piety under Lugonu
   470 | D:1      | Reached skill level 1 in Dodging
   946 | D:1      | Reached XP level 3. HP: 24/31 MP: 4/4
  1586 | D:2      | Found a shadowy altar of Dithmenos.
  2059 | D:2      | Reached XP level 4. HP: 40/40 MP: 5/5
  2279 | D:3      | Noticed Robin
  2295 | D:3      | Killed Robin
  2295 | D:3      | Reached ** piety under Lugonu
  2518 | D:3      | Noticed Grinder
  2520 | D:3      | Paralysed by Grinder for 3 turns
  2534 | D:3      | Paralysed by Grinder for 3 turns
  2538 | D:3      | Killed Grinder
  2538 | D:3      | Reached skill level 4 in Fighting
  2538 | D:3      | Reached skill level 1 in Shields
  2538 | D:3      | Reached XP level 5. HP: 21/46 MP: 5/7
  2538 | D:3      | Reached XP level 6. HP: 23/52 MP: 5/8
  2849 | D:3      | Found a shattered altar of Ashenzari.
  3167 | D:3      | Found a bloodstained altar of Trog.
  3570 | D:4      | Found a staircase to the Ecumenical Temple.
  3880 | D:4      | Reached XP level 7. HP: 53/59 MP: 9/9
  4317 | D:4      | Noticed Menkaure
  4593 | D:3      | Slain by Menkaure

Levels and vault maps discovered:
D:1:      dpeg_arrival_refuge, layout_basic
D:2:      layout_loops_ring, nicolae_overflow_crystal_walls, first_ration
D:3:      layout_loops_cross, lemuel_crystal_altar,
          lemuel_coloured_pillars_altar, uniq_robin, uniq_grinder
D:4:      layout_loops_ring, minmay_temple_entry_enclosed_plants, serial_shops,
          shop, uniq_menkaure

Skill      XL: |  1  2  3  4  5  6  7 |
---------------+----------------------+-----
Dodging        | 1 2 |  2.0
Axes           | 2 3 |  3.8
Fighting       | 4 |  4.2
Armour         | 2 |  2.8
Shields        | 1 |  1.9
Invocations    | 3 |  3.6

Action                   |  1- 3 |  4- 6 |  7- 9 || total
-------------------------+-------+-------+-------++-------
Melee: Hand axe          |   116 |   119 |    33 ||   268
       Kick              |    13 |    32 |    11 ||    56
Invok: Depart the Abyss  |     1 |       |       ||     1
  Use: Scroll            |     3 |     3 |       ||     6
       Potion            |       |     1 |     1 ||     2
  Eat: Chunk             |     2 |     5 |     2 ||     9
Armor: Leather armour    |    96 |    30 |       ||   126
       Ring mail         |       |    32 |    25 ||    57
Dodge: Dodged            |    64 |    29 |    11 ||   104
Block: Buckler           |     9 |    21 |     6 ||    36

Table legend:
 A = Non-vault XP
 B = Vault XP
 C = Vault XP percentage of total XP
 D = Non-vault monster count
 E = Vault monster count
 F = Vault count percentage of total count
                 A         B        C        D         E       F
            +---------+---------+-------+---------+---------+-------
      Total |     541 |     296 |  35.4 |      68 |      14 |  17.1
            +---------+---------+-------+---------+---------+-------
        D:1 |      42 |       0 |   0.0 |      21 |       0 |   0.0
        D:2 |      60 |       0 |   0.0 |      18 |       0 |   0.0
        D:3 |      74 |     296 |  80.0 |      11 |      14 |  56.0
        D:4 |     365 |       0 |   0.0 |      18 |       0 |   0.0
            +---------+---------+-------+---------+---------+-------
